 Dungeon Crawl Stone Soup version 0.31-a0-196-g86fe4a5e66 (webtiles) character file.

Game seed: 10635040212043398045

46 qw the Shooter (level 3, -3/20 HPs)
             Began as a Deep Elf Hunter on June 24, 2023.
             Slain by a gnoll
             ... wielding a +0 spear
              (7 damage)
             ... on level 2 of the Dungeon.
             The game lasted 00:00:17 (1160 turns).

qw the Shooter (Deep Elf Hunter)                    Turns: 1160, Time: 00:00:17

Health: -3/20      AC:  5    Str: 10    XL:     3   Next: 46%
Magic:  5/5        EV: 11    Int: 13    God:
Gold:   60         SH:  0    Dex: 18    Spells: 2/2 levels left

rFire   . . .        Y - +0 shortbow
rCold   . . .        (shield currently unavailable)
rNeg    . . .        h - +0 ring mail
rPois   .            (no helmet)
rElec   .            (no cloak)
rCorr   .            (no gloves)
SInv    .            (no boots)
Will    .....        (no amulet)
Stlth   +            (no ring)
HPRegen 0.23/turn    (no ring)
MPRegen 0.09/turn

%: no passive effects
@: no status effects
A: no striking features
a: no special abilities


You were on level 2 of the Dungeon.
You visited 1 branch of the dungeon, and saw 2 of its levels.

You collected 60 gold pieces.


   Skills:
 - Level 1.5 Fighting
 + Level 7.0 Ranged Weapons
 - Level 2.4 Dodging
 - Level 1.2 Stealth


You had 2 spell levels left.
You didn't know any spells.
Your spell library was empty.

Inventory:

Hand Weapons
 Y - a +0 shortbow (weapon)
Armour
 h - a +0 ring mail (worn)
Jewellery
 b - a ring of positive energy
 c - a ring of resist corrosion
Scrolls
 d - a scroll of revelation {unknown}
Potions
 a - a potion of brilliance {unknown}
 e - a potion of lignification {unknown}
 f - a potion of berserk rage {unknown}
 g - 2 potions of heal wounds {unknown}
 j - a potion of invisibility {unknown}

Dungeon Overview and Level Annotations

Branches:
Dungeon (2/15)

Altars:


Message History

You shoot an arrow. The arrow hits the gnoll!
The gnoll is severely wounded.
You shoot an arrow. The arrow hits the gnoll.
The gnoll is almost dead.
You hear a shout!
You hear an angry hiss.
A gnoll comes into view. It is wielding a +0 halberd.
A gnoll comes into view. It is wielding a +0 spear.
1152 ||| Stepping ~*~*~tactically~*~*~ (outnumbered).
You shoot an arrow. The arrow hits the gnoll!
The gnoll is severely wounded.
You shoot an arrow. The arrow hits the gnoll!
You kill the gnoll!
The gnoll closely misses you. x2
You have reached level 3!
Your experience leads to an increase in your attributes!
Increase (S)trength, (I)ntelligence, or (D)exterity?
You feel stronger. x2
You shoot an arrow. The arrow hits the gnoll.
The gnoll is heavily wounded.
The gnoll hits you from afar with a +0 spear.
The gnoll hits you with a +0 halberd.
You shoot an arrow. The arrow barely misses the gnoll.
The arrow misses the frilled lizard.
The gnoll barely misses you. The gnoll hits you with a +0 halberd.
You shoot an arrow. The arrow closely misses the gnoll.
The arrow closely misses the frilled lizard.
The gnoll barely misses you.
The gnoll hits you from afar with a +0 spear.
You shoot an arrow. The arrow hits the gnoll!
You kill the gnoll!
The gnoll completely misses you. The frilled lizard bites you.
The gnoll hits you from afar with a +0 spear!
Your Ranged Weapons skill increases to level 7!
You shoot an arrow.
The arrow completely misses the frilled lizard.
The frilled lizard bites you but does no damage.
The gnoll barely misses you.
You shoot an arrow. The arrow misses the frilled lizard.
The gnoll hits you from afar with a +0 spear!
You die...

### ####### #..
#......################..
......gl....#............
#.##.#.#@...#.##########'
#g#....#.# #######'
#.###..#.# #....... g.
##.#.# #....... .. #...#
#....... .#. ##..#
#######. ... #..# #. ##.#
#. #..#########.


You could see a gnoll and a frilled lizard.

Vanquished Creatures
  2 gnolls (D:2)
  A bat (D:1)
  2 endoplasms
  A giant cockroach (D:1)
  3 hobgoblins (D:1)
  2 quokkas
  4 ball pythons
  A frilled lizard (D:1)
  5 goblins
  4 kobolds
  A rat (D:1)
26 creatures vanquished.

Notes
Turn   | Place    | Note
-------+----------+-------------------------------------------
     0 | D:1      | qw the Deep Elf Hunter began the quest for the Orb.
     0 | D:1      | Reached XP level 1. HP: 12/12 MP: 3/3
     0 | D:1      | 0 ||| qw: Version: 0.3-a-9-g12657ce
     0 | D:1      | 0 ||| qw: Game counter: 4807
     0 | D:1      | 0 ||| qw: Always use a shield: true
     0 | D:1      | 0 ||| qw: God list: Okawaru
     0 | D:1      | 0 ||| qw: Allow faded altars: false
     0 | D:1      | 0 ||| qw: Do Orc after D:15 true
     0 | D:1      | 0 ||| qw: Do second Lair branch before Depths: true
     0 | D:1      | 0 ||| qw: Lair rune preference: random
     0 | D:1      | 0 ||| qw: Plans: Normal
     0 | D:1      | 0 ||| PLANNING D:1-11
   321 | D:1      | Reached XP level 2. HP: 16/16 MP: 4/4
   433 | D:1      | Reached skill level 6 in Ranged Weapons
   456 | D:1      | Found a faded altar of an unknown god.
   733 | D:1      | 733 ||| UPGRADING to +0 ring mail.
   743 | D:1      | 743 ||| DROPPING +0 leather armour.
   744 | D:1      | 744 ||| READING scroll labelled ZEL BIATHA.
   745 | D:1      | 745 ||| READING scroll labelled WEADOVYURIO.
   746 | D:1      | 746 ||| DROPPING scroll of butterflies.
  1152 | D:2      | 1152 ||| Stepping ~*~*~tactically~*~*~ (outnumbered).
  1155 | D:2      | Reached XP level 3. HP: 20/20 MP: 5/5
  1158 | D:2      | HP: 3/20 [gnoll/+0 spear (8)]
  1159 | D:2      | Reached skill level 7 in Ranged Weapons
  1160 | D:2      | Slain by a gnoll

Levels and vault maps discovered:
D:1:      lightli_arrival_quake, layout_loops_corners,
          hellmonk_ecumenical_altar_prayer_group
D:2:      layout_basic, st_stairs_5

Skill      XL: |  1  2  3 |
---------------+----------+-----
Ranged Weapons | 6 7 |  7.0
Fighting       | |  1.5
Dodging        | |  2.4
Stealth        | |  1.2

Action                     || total
---------------------------++-------
   Fire: Shortbow          ||    54
    Use: Scroll            ||     2
 Armour: Leather armour    ||     1
         Ring mail         ||     1
  Dodge: Dodged            ||    13

Table legend:
 A = Non-vault XP
 B = Vault XP
 C = Vault XP percentage of total XP
 D = Non-vault monster count
 E = Vault monster count
 F = Vault count percentage of total count
                 A         B        C        D         E       F
            +---------+---------+-------+---------+---------+-------
      Total |      61 |       6 |   9.0 |      23 |       3 |  11.5
            +---------+---------+-------+---------+---------+-------
        D:1 |      23 |       6 |  20.7 |      14 |       3 |  17.6
        D:2 |      38 |       0 |   0.0 |       9 |       0 |   0.0
            +---------+---------+-------+---------+---------+-------
